 Dungeon Sprint DCSS version 0.28-a0-390-gb254ac4902 (webtiles) character file.

Game seed: 3410504169537244119

303 Lochraine the Skirmisher (level 6, -2/44 HPs)
             Began as a Gargoyle Fighter on Sept 3, 2021.
             Was an Initiate of Wu Jian.
             Slain by a slime creature (8 damage)
             ... in the Dungeon (Sprint I: "Red Sonja").
             The game lasted 00:02:07 (687 turns).

Lochraine the Skirmisher (Gargoyle Fighter)          Turns: 687, Time: 00:02:07

Health: -2/44      AC: 12    Str: 21    XL:     6   Next: 38%
Magic:  6/6        EV:  9    Int:  8    God:    Wu Jian [......]
Gold:   297        SH:  5    Dex: 10    Spells: 5/5 levels left

rFire   . . .      SeeInvis .   a - +0 flail
rCold   . . .      Faith    .   c - +0 buckler
rNeg    + . .      Spirit   .   b - +0 scale mail
rPois   ∞          Reflect  .   (no helmet)
rElec   +          Harm     .   (no cloak)
rCorr   .          Rampage  .   (no gloves)
Will    .....      NoTele   +   (no boots)
Stlth   ..........              (no amulet)
HPRegen 0.14/turn               (no ring)
MPRegen 0.10/turn               (no ring)

@: no status effects
A: sickness immunity, AC +4, negative energy resistance 1, electricity
resistance, torment resistance 1, petrification resistance
a: Renounce Religion


You were in the Dungeon.
You worshipped Wu Jian.
Wu Jian was noncommittal.
You visited 1 branch You collected 297 gold pieces.

Inventory:

Hand Weapons
 a - a +0 flail (weapon)
Missiles
 e - 19 sling bullets
Armour
 b - a +0 scale mail (worn)
 c - a +0 buckler (worn)
Wands
 v - a wand of digging (6)
   (You took it off Ijyb in the Dungeon)
Scrolls
 j - a scroll of blinking
Potions
 h - 2 potions of magic


   Skills:
 + Level 7.8 Fighting
 + Level 6.7 Maces & Flails
 + Level 7.8 Armour
 + Level 7.8 Shields


You had 5 spell levels left.
You didn't know any spells.
Your spell library was empty.

Dungeon Overview and Level Annotations

Branches:
Dungeon (1/1)

Altars:
Makhleb
Sif Muna
Vehumet
Wu Jian
Xom
Jiyva
Lugonu


Innate Abilities, Weirdness & Mutations

You are immune to sickness and miasma.
Your stone body is resilient. (AC +4)
You are immune to poison.
You resist negative energy. (rN+)
You are resistant to electric shocks. (rElec)
You are resistant to unholy torment.
You are immune to petrification.


Message History

You kneel at the altar of Wu Jian.
The Council welcomes you!
You can now perform damaging attacks by moving towards foes.
You open the door.
Found 135 gold pieces.
There is an open door here.
You now have 189 gold pieces (gained 27).
You now have 216 gold pieces (gained 27).
You now have 243 gold pieces (gained 27).
You now have 270 gold pieces (gained 27).
You now have 297 gold pieces (gained 27).
There is an open door here.
You see here a +0 chain mail.
There is an open door here.
You open the door.
A slime creature comes into view.
The slime creature quivers.
The slime creature moves out of view.
Found a viscous altar of Jiyva and a corrupted altar of Lugonu.
Found a burning altar of Makhleb and a shimmering altar of Xom.
The slime creature hits you.
There is an open door here.
You thump the slime creature! The slime creature hits you!
Okay, then.
You sock the slime creature! The slime creature hits you!
* * * LOW HITPOINT WARNING * * *
There is an open door here.
You thump the slime creature! The slime creature barely misses you.
You hit the slime creature. The slime creature hits you!
* * * LOW HITPOINT WARNING * * *
You feel much better.
The slime creature hits you but does no damage.
You thump the slime creature! The slime creature hits you!
* * * LOW HITPOINT WARNING * * *
You hit the slime creature but do no damage.
The slime creature hits you but does no damage.
You barely miss the slime creature. The slime creature hits you.
* * * LOW HITPOINT WARNING * * *
You hit the slime creature. The slime creature hits you.
* * * LOW HITPOINT WARNING * * *
You see here a +0 chain mail.
You barely miss the slime creature. The slime creature barely misses you.
You barely miss the slime creature. You block the slime creature's attack.
You barely miss the slime creature.
The slime creature hits you but does no damage.
You sock the slime creature! The slime creature hits you!
* * * LOW HITPOINT WARNING * * *
You thump the slime creature! You block the slime creature's attack.
You hit the slime creature. The slime creature hits you!
You die...

###################
#<.#..)..#.)'..#__#
#..').#..'..#..'..+
#..#####'#####'#__#
#..# #..#...#J####
#..# ####..##@#
#..# ##'#_.+ #⌠⌠#
+..._# #### #_.#+#
##+#


You could see a slime creature.

Vanquished Creatures
  Sigmund (D)
  An ogre (D)
  A jelly (D)
  Ijyb (D)
4 creatures vanquished.

Vanquished Creatures (others)
  A gargoyle (D)
1 creature vanquished.

Grand Total: 5 creatures vanquished

Notes
Turn   | Place    | Note
-------+----------+-------------------------------------------
     0 | D        | Lochraine the Gargoyle Fighter began the quest for the Orb.
     0 | D        | Reached XP level 1. HP: 14/14 MP: 1/1
     1 | D        | Noticed Ijyb
    21 | D        | Killed Ijyb
    22 | D        | Reached XP level 2. HP: 10/20 MP: 2/2
    22 | D        | Reached XP level 3. HP: 12/24 MP: 3/3
    94 | D        | Killed a gargoyle
   156 | D        | Noticed an ogre
   158 | D        | HP: 1/24 [ogre (23)]
   163 | D        | Killed an ogre
   164 | D        | Reached skill level 5 in Maces & Flails
   164 | D        | Reached XP level 4. HP: 25/32 MP: 4/4
   173 | D        | Noticed Sigmund
   187 | D        | Killed Sigmund
   188 | D        | Reached XP level 5. HP: 11/38 MP: 5/5
   188 | D        | Reached XP level 6. HP: 13/44 MP: 6/6
   422 | D        | Found a shimmering blue altar of Sif Muna.
   423 | D        | Found an ornate altar of the Wu Jian Council.
   424 | D        | Found a radiant altar of Vehumet.
   645 | D        | Became a worshipper of the Wu Jian Council
   668 | D        | Found a viscous altar of Jiyva.
   668 | D        | Found a corrupted altar of Lugonu.
   668 | D        | Noticed a slime creature
   669 | D        | Found a burning altar of Makhleb.
   669 | D        | Found a shimmering altar of Xom.
   687 | D        | Slain by a slime creature

Illustrated notes

Levels and vault maps discovered:
D:        dungeon_sprint_1 [red_sonja_temple_1, red_sonja_temple_small_1]

Skill      XL: |  1  2  3  4 |
---------------+-------------+-----
Fighting       | 4 6 7 |  7.8
Maces & Flails | 3 5 6 |  6.7
Armour         | 4 6 7 |  7.8
Shields        | 4 6 7 |  7.8

Action                   |  1- 3 |  4- 6 || total
-------------------------+-------+-------++-------
Melee: Flail             |    22 |    30 ||    52
  Use: Potion            |     3 |     3 ||     6
Armor: Scale mail        |     7 |     5 ||    12
Dodge: Dodged            |     9 |     5 ||    14
Block: Buckler           |       |     4 ||     4

Table legend: (Time is in decaauts)
 A = Elapsed time spent in this place.
 B = Non-inter-level travel time spent in this place.
 C = Inter-level travel time spent in this place.
 D = Time resting spent in this place.
 E = Time spent auto-exploring this place.
 F = Levels seen in this place.
 G = Mean time per level.
                   A        B        C        D        E       F      G
               +--------+--------+--------+--------+--------+-----+--------+
         Total |    688 |    688 |      0 |    569 |      0 |   1 |  688.0 |
       Dungeon |    688 |    688 |      0 |    569 |      0 |   1 |  688.0 |
               +--------+--------+--------+--------+--------+-----+--------+

Top non-repeatable levels by time:
       D: 688 daAuts
